 Dungeon Crawl Stone Soup version 0.30.1-9-gdf580d7c3d (webtiles) character file.

Game seed: 8926460263525152106

79 lonewolfV2 the Shield-Bearer (level 4, 0/37 HPs)
             Began as a Formicid Fighter on Oct 22, 2023.
             Slain by an orc wizard
             ... wielding a +0 dagger
              (4 damage)
             ... on level 3 of the Dungeon.
             The game lasted 00:01:48 (1318 turns).

lonewolfV2 the Shield-Bearer (Formicid Fighter)     Turns: 1318, Time: 00:01:49

Health: 0/37       AC:  9    Str: 23    XL:     4   Next: 62%
Magic:  4/4        EV:  9    Int:  7    God:
Gold:   39         SH:  5    Dex: 13    Spells: 3/3 levels left

rFire   . . .        a - +0 war axe
rCold   . . .        c - +0 buckler
rNeg    . . .        b - +0 scale mail
rPois   .            (helmet unavailable)
rElec   .            (no cloak)
rCorr   .            j - +1 pair of gloves
SInv    +            (no boots)
Will    .....        (no amulet) Stlth
                     (no ring)
HPRegen 0.26/turn    (no ring)
MPRegen 0.09/turn

%: no passive effects
@: no status effects
A: permanent stasis, dig shafts and tunnels, antennae 3, four strong arms
a: Dig, Shaft Self


You were on level 3 of the Dungeon.
You visited 1 branch of the dungeon, and saw 3 of its levels.

You collected 39 gold pieces.

Inventory:

Hand Weapons
 a - a +0 war axe (weapon)
Armour
 b - a +0 scale mail (worn)
 c - a +0 buckler (worn)
 j - a +1 pair of gloves (worn)
Scrolls
 d - a scroll of identify {unknown}
 h - a scroll of teleportation {unknown}
 i - a scroll of blinking {unknown}
Potions
 e - a potion of cancellation {unknown}
 f - 2 potions of heal wounds {unknown}
 g - a potion of lignification {unknown}
 k - a potion of degeneration {unknown}
 l - a potion of magic {unknown}


   Skills:
 + Level 4.1 Fighting
 - Level 2.0 Axes
 + Level 4.2 Armour
 + Level 5.0 Shields


You had 3 spell levels left.
You didn't know any spells.
Your spell library was empty.

Dungeon Overview and Level Annotations

Branches:
Dungeon (2/15)

Altars:


Innate Abilities, Weirdness & Mutations

You cannot be hasted, slowed, berserked, paralysed or teleported.
You can dig through walls and to a lower floor.
You have a pair of large antennae on your head. (SInv)
Your four strong arms can wield two-handed weapons with a shield.


Message History

You closely miss the orc wizard.
You feel less confused.
The orc wizard hits you with a +0 dagger.
You slash the orc wizard!
The orc wizard is heavily wounded.
You hit the orc wizard but do no damage.
You closely miss the orc. You block the orc wizard's attack.
The orc hits you but does no damage.
You hit the orc wizard but do no damage.
The orc wizard is heavily wounded.
You closely miss the orc wizard. You barely miss the orc. x2
The orc wizard gestures wildly while chanting.
The orc wizard flickers and vanishes for a moment.
You block the orc wizard's attack. The orc misses you.
The orc hits you with a +0 falchion.
The kobold throws a stone.
The stone hits the orc wizard.
The orc wizard barely misses you. The orc hits you but does no damage.
The orc wizard hits you but does no damage.
The orc hits you with a +0 falchion.
Unknown command.
You closely miss the orc wizard.
The orc wizard is heavily wounded.
You barely miss the orc wizard. You slash the orc!
You kill the orc!
You slash the orc!
You kill the orc!
You block the orc wizard's attack. The orc wizard closely misses you.
You closely miss the orc wizard.
The orc wizard is heavily wounded.
You closely miss the kobold. You slash the orc wizard! You slash the orc!
You kill the orc!
The kobold hits you with a +0 whip.
* * * LOW HITPOINT WARNING * * *
The orc wizard casts a spell at you. The magic dart hits you!
* * * LOW HITPOINT WARNING * * *
The orc wizard gestures at you while chanting.
You resist with some effort.
The orc wizard hits you with a +0 dagger.
You die...

.# #..####..# .#
#....##..# #.
.######.[...#..###....
#.................#
......#####...##### {
.....# ##..# .....
{#..# { #.... {#..####
#... #..o@.# . ...
##..)oK##....
#####............
.........####....#
$.....#....# .....
....####.#.# .... ....
#....# ... ... .......
... # ##......


You could see 2 orc wizards and a kobold.

Vanquished Creatures
  Crazy Yiuf (D:3)
  A dart slug (D:1)
  3 orcs (D:3)
  4 ball pythons
  2 bats (D:1)
  4 endoplasms (D:1)
  A giant cockroach (D:1)
  2 goblins (D:1)
  4 hobgoblins (D:1)
  4 jackals (D:1)
  A kobold (D:1)
  A quokka (D:1)
  12 frilled lizards (D:1)
  5 rats (D:1)
45 creatures vanquished.

Notes
Turn   | Place    | Note
-------+----------+-------------------------------------------
     0 | D:1      | lonewolfV2 the Formicid Fighter began the quest for the
                  | Orb.
     0 | D:1      | Reached XP level 1. HP: 18/18 MP: 1/1
   135 | D:1      | Reached XP level 2. HP: 20/24 MP: 2/2
   294 | D:1      | Reached XP level 3. HP: 30/30 MP: 3/3
  1169 | D:2      | You fall into a shaft and drop 1 floor!
  1201 | D:3      | Found a runed translucent door.
  1202 | D:3      | Noticed Crazy Yiuf
  1208 | D:3      | Killed Crazy Yiuf
  1209 | D:3      | Reached skill level 5 in Shields
  1209 | D:3      | Reached XP level 4. HP: 31/37 MP: 4/4
  1318 | D:3      | Slain by an orc wizard

Illustrated notes

Levels and vault maps discovered:
D:1:      lightli_arrival_quake, layout_loops_ring, hex_tiny,
          dreamdust_princess_bridge, chequers_decorated_corner,
          minmay_lizard_king
D:2:      minmay_evil_eye, layout_rooms, st_stairs_7
D:3:      layout_rooms, chequers_serial_rivers_marsh, grunt_ministairs_8,
          kennysheep_cluttered_room, kennysheep_jessica_study, uniq_ijyb,
          uniq_crazy_yiuf_cottage

Skill      XL: |  1  2  3 |
---------------+----------+-----
Fighting       | 4 |  4.1
Armour         | 4 |  4.2
Shields        | 5 |  5.0
Axes           | |  2.0

Action                     |  1- 3 |  4- 6 || total
---------------------------+-------+-------++-------
  Melee: War axe           |   108 |     9 ||   117
    Use: Scroll            |     3 |       ||     3
         Potion            |     1 |       ||     1
 Armour: Scale mail        |    62 |    14 ||    76
  Dodge: Dodged            |    58 |    12 ||    70
  Block: Buckler           |    34 |     4 ||    38
